 Dungeon Crawl Stone Soup version 0.26-a0-639-g72c4674329 (webtiles) character file.

Game seed: 1015686870098607091

2661 Gargoyl the Fighter (level 9, 0/74 HPs)
             Began as a Gnoll Abyssal Knight on Sept 16, 2020.
             Was an Elder of Lugonu.
             Slain by an orc warrior
             ... wielding a +0 flail
              (16 damage)
             ... on level 7 of the Dungeon on Sept 17, 2020.
             The game lasted 00:10:18 (7360 turns).

Gargoyl the Fighter (Gnoll Abyssal Knight)          Turns: 7360, Time: 00:10:19

Health: 0/74       AC: 15    Str: 18    XL:     9   Next: 63%
Magic:  15/15      EV: 13    Int: 14    God:    Lugonu [****..]
Gold:   239        SH:  0    Dex: 15    Spells: 16/16 levels left

rFire    . . .     SeeInvis .   a - +4 hand axe
rCold    . . .     Faith    .   (no shield)
rNeg     . . .     Spirit   .   o - +0 scale mail
rPois    .         Reflect  .   c - +0 helmet
rElec    .         Harm     .   (no cloak)
rCorr    .         Rampage  .   l - +1 pair of gloves
MR       .....                  (no boots)
Stlth    +.........             (no amulet)
HPRegen  0.22/turn              h - +4 ring of protection
MPRegen  0.14/turn              (no ring)

@: no status effects
A: distributed training, fangs 1, strong nose
a: Depart the Abyss, Bend Space, Banish, Corrupt, Renounce Religion


You were on level 7 of the Dungeon.
You worshipped Lugonu.
Lugonu was greatly pleased with you.
You visited 1 branch of the dungeon, and saw 7 of its levels.
You visited the Abyss 1 time.

You collected 239 gold pieces.

Inventory:

Hand Weapons
 a - a +4 hand axe (weapon)
Armour
 c - a +0 helmet (worn)
 l - a +1 pair of gloves (worn)
 o - a +0 scale mail (worn)
Jewellery
 h - a +4 ring of protection (left hand)
Wands
 n - a wand of paralysis (11)
 u - a wand of disintegration (12)
Scrolls
 b - a scroll of fog
 d - 3 scrolls of identify
 k - 2 scrolls of teleportation
 q - a scroll of remove curse
 t - a scroll of fear
 v - a scroll of magic mapping
 x - a scroll of brand weapon {unknown}
Potions
 e - 2 potions of ambrosia
 g - 2 potions of stabbing
 i - a potion of magic
 j - a potion of cancellation
 p - a potion of berserk rage {unknown}
 r - 2 potions of invisibility {unknown}
 s - 2 potions of might {unknown}
 w - a potion of degeneration {unknown}


   Skills:
 + Level 8.0 Fighting
 + Level 4.4 Short Blades
 + Level 4.4 Long Blades
 + Level 6.4 Axes
 + Level 4.4 Maces & Flails
 + Level 4.4 Polearms
 + Level 4.4 Staves
 + Level 4.4 Slings
 + Level 4.4 Bows
 + Level 4.4 Crossbows
 + Level 4.4 Throwing
 + Level 6.4 Armour
 + Level 5.2 Dodging
 + Level 4.4 Stealth
 + Level 4.4 Shields
 + Level 4.4 Unarmed Combat
 + Level 4.4 Spellcasting
 + Level 3.6 Conjurations
 + Level 3.6 Hexes
 + Level 3.6 Summonings
 + Level 3.6 Necromancy
 + Level 3.6 Translocations
 + Level 3.6 Transmutations
 + Level 3.6 Fire Magic
 + Level 3.6 Ice Magic
 + Level 3.6 Air Magic
 + Level 3.6 Earth Magic
 + Level 3.6 Poison Magic
 + Level 6.8 Invocations
 + Level 4.4 Evocations


You had 16 spell levels left.
You didn't know any spells.
Your spell library contained the following spells:

 Spells                   Type           Power        Failure   Level
 Magic Dart               Conj           ##..         12%         1
 Blink                    Tloc           N/A          17%         2
 Call Imp                 Summ           ##......     17%         2
 Slow                     Hex            ##......     17%         2
 Conjure Flame            Conj/Fire      ##......     34%         3
 Mephitic Cloud           Conj/Pois/Air  ##......     34%         3


Dungeon Overview and Level Annotations

Branches:
Dungeon (7/15)             Temple (0/1) D:6

Altars:
Ashenzari
Hepliaklqana
Nemelex Xobeh
Trog
Vehumet
Yredelemnul


Innate Abilities, Weirdness & Mutations

Your experience applies equally to all skills.
You have very sharp teeth.
Your uncanny sense of smell can sniff out nearby items.


Message History

Unknown command.
Your scale mail prevents you from hitting the orc warrior.
You bite the orc warrior, but do no damage.
The orc warrior is severely wounded.
You slash the orc warrior!
You bite the orc warrior, but do no damage.
The orc warrior is almost dead.
The orc warrior hits you but does no damage.
Unknown command.
You hit the orc warrior. Your bite misses the orc warrior.
The orc warrior is almost dead.
The orc warrior hits you with a +0 flail.
* * * LOW HITPOINT WARNING * * *
You closely miss the orc warrior.
The orc warrior is almost dead.
The orc warrior misses you.
You hit the orc warrior but do no damage.
The orc warrior is almost dead.
The orc warrior hits you with a +0 flail!
You die...

.. ... ..
#..###.###?.
###...#...#..#
......._.. .# ...
#... .###..
.#.###?###....
##.#..#...#).#
#..#......o@.#
######.####.####..#
........###.# #.##
............# #.#
.รท...))(...#####..
..####..##.....###
....#.<.########
##.....## ##..#...#
####


You could see an orc warrior.

Vanquished Creatures
  A hippogriff (D:7)
  Sigmund (D:2)
  2 phantoms
  2 sky beasts
  An ice beast (D:7)
  An eye of draining (Abyss:1)
  An ogre (D:6)
  2 big kobolds
  4 bullfrogs
  A water moccasin zombie (D:5)
  4 killer bees (D:7)
  A howler monkey (D:4)
  5 orc wizards
  5 hounds
  A jelly (D:6)
  An orc priest (D:5)
  2 bullfrog skeletons
  A gnoll shaman (D:6)
  An iguana (D:5)
  4 worker ants
  Natasha (thrice) (D:3)
  Terence (D:2)
  A howler monkey zombie (D:5)
  A worker ant zombie (D:7)
  3 gnolls (D:6)
  14 adders
  An ufetubus (D:5)
  An ooze (D:1)
  An adder zombie (D:6)
  3 adder skeletons
  10 worms
  2 dart slugs
  5 leopard geckos
  31 orcs
  3 giant cockroaches
  7 goblins
  6 hobgoblins
  17 kobolds
  6 quokkas
  2 ball pythons
  10 bats
  10 frilled lizards
  A leopard gecko zombie (D:6)
  2 quokka skeletons (D:4)
  A quokka zombie (D:5)
  8 rats
191 creatures vanquished.

Notes
Turn   | Place    | Note
-------+----------+-------------------------------------------
     0 | Abyss:1  | Gargoyl the Gnoll Abyssal Knight began the quest for the
                  | Orb.
     0 | Abyss:1  | Reached XP level 1. HP: 23/23 MP: 3/3
    53 | Abyss:1  | Noticed an oklob plant
    83 | Abyss:1  | Found a corrupted altar of Lugonu.
   123 | Abyss:1  | Noticed an eye of draining
   139 | Abyss:1  | Killed an eye of draining
   139 | Abyss:1  | Reached skill level 1 in Short Blades
   139 | Abyss:1  | Reached skill level 1 in Long Blades
   139 | Abyss:1  | Reached skill level 1 in Maces & Flails
   139 | Abyss:1  | Reached skill level 1 in Polearms
   139 | Abyss:1  | Reached skill level 1 in Staves
   139 | Abyss:1  | Reached skill level 1 in Slings
   139 | Abyss:1  | Reached skill level 1 in Bows
   139 | Abyss:1  | Reached skill level 1 in Crossbows
   139 | Abyss:1  | Reached skill level 1 in Throwing
   139 | Abyss:1  | Reached skill level 1 in Stealth
   139 | Abyss:1  | Reached skill level 1 in Shields
   139 | Abyss:1  | Reached skill level 1 in Unarmed Combat
   139 | Abyss:1  | Reached skill level 1 in Spellcasting
   139 | Abyss:1  | Reached skill level 1 in Evocations
   139 | Abyss:1  | Reached XP level 2. HP: 29/29 MP: 0/5
   139 | Abyss:1  | Reached XP level 3. HP: 35/35 MP: 0/6
   139 | Abyss:1  | Reached XP level 4. HP: 41/41 MP: 0/7
   139 | Abyss:1  | Noticed a small abomination
   140 | Abyss:1  | Noticed a red very ugly thing
   164 | Abyss:1  | Noticed a starcursed mass
   176 | Abyss:1  | Noticed a large abomination
   184 | Abyss:1  | Noticed a wretched star
   189 | D:1      | Escaped the Abyss
   356 | D:1      | Reached skill level 1 in Conjurations
   356 | D:1      | Reached skill level 1 in Hexes
   356 | D:1      | Reached skill level 1 in Summonings
   356 | D:1      | Reached skill level 1 in Necromancy
   356 | D:1      | Reached skill level 1 in Translocations
   356 | D:1      | Reached skill level 1 in Transmutations
   356 | D:1      | Reached skill level 1 in Fire Magic
   356 | D:1      | Reached skill level 1 in Ice Magic
   356 | D:1      | Reached skill level 1 in Air Magic
   356 | D:1      | Reached skill level 1 in Earth Magic
   356 | D:1      | Reached skill level 1 in Poison Magic
   366 | D:1      | Reached * piety under Lugonu
   980 | D:2      | Reached XP level 5. HP: 46/47 MP: 8/8
  1095 | D:2      | Noticed Sigmund
  1111 | D:2      | Killed Sigmund
  1111 | D:2      | Reached skill level 5 in Axes
  1111 | D:2      | Reached skill level 5 in Armour
  1111 | D:2      | Reached skill level 5 in Invocations
  1111 | D:2      | Reached XP level 6. HP: 48/53 MP: 9/9
  1279 | D:2      | Noticed Terence
  1310 | D:2      | Killed Terence
  1940 | D:3      | Reached ** piety under Lugonu
  2012 | D:3      | Found a basalt altar of Yredelemnul.
  2245 | D:3      | Found a hazy altar of Hepliaklqana.
  2355 | D:3      | Noticed Natasha
  2365 | D:3      | Killed Natasha
  2365 | D:3      | Reached XP level 7. HP: 59/59 MP: 10/10
  2404 | D:3      | Noticed Natasha
  2410 | D:3      | Killed Natasha
  2535 | D:3      | Noticed Natasha
  2553 | D:3      | Killed Natasha
  2553 | D:3      | Reached skill level 7 in Fighting
  3034 | D:4      | Reached XP level 8. HP: 64/67 MP: 12/12
  3118 | D:4      | Noticed a moth of wrath
  3121 | D:4      | Found a bloodstained altar of Trog.
  3471 | D:4      | Reached *** piety under Lugonu
  3757 | D:5      | Entered Level 5 of the Dungeon
  5427 | D:6      | Found a sparkling altar of Nemelex Xobeh.
  6074 | D:6      | Reached **** piety under Lugonu
  6249 | D:6      | Found a shattered altar of Ashenzari.
  6446 | D:6      | Reached XP level 9. HP: 73/73 MP: 14/14
  6465 | D:6      | Found a staircase to the Ecumenical Temple.
  6901 | D:7      | Reached skill level 5 in Dodging
  7282 | D:7      | Reached skill level 8 in Fighting
  7335 | D:7      | Found a radiant altar of Vehumet.
  7360 | D:7      | Slain by an orc warrior

Illustrated notes

Levels and vault maps discovered:
D:1:      dpeg_arrival_oval, layout_basic, grunt_decor_clamped, nrook_uturn
D:2:      layout_loops_cross, kennysheep_generic_room_14, uniq_terence,
          uniq_sigmund
D:3:      layout_basic, nicolae_overflow_crystal_walls,
          yredelemnul_altar_generic, uniq_natasha
D:4:      layout_cave_pools, tgw_trog
D:5:      layout_layer_cave, small_statue_intersection,
          kennysheep_opposing_triangles
D:6:      layout_basic, nemelex_xobeh_ov_fountains_minmay,
          ashenzari_conservatory_becter, minmay_temple_entry_poolview
D:7:      layout_rooms, lemuel_crystal_altar, vehumet_crystals,
          grunt_qazlal_clouds, minivault_5, uniq_menkaure

Skill      XL: |  1  2  3  4  5  6  7  8  9 |
---------------+----------------------------+-----
Short Blades   | 1 2 3 4 |  4.4
Long Blades    | 1 2 3 4 |  4.4
Maces & Flails | 1 2 3 4 |  4.4
Polearms       | 1 2 3 4 |  4.4
Staves         | 1 2 3 4 |  4.4
Slings         | 1 2 3 4 |  4.4
Bows           | 1 2 3 4 |  4.4
Crossbows      | 1 2 3 4 |  4.4
Throwing       | 1 2 3 4 |  4.4
Stealth        | 1 2 3 4 |  4.4
Shields        | 1 2 3 4 |  4.4
Unarmed Combat | 1 2 3 4 |  4.4
Spellcasting   | 1 2 3 4 |  4.4
Evocations     | 1 2 3 4 |  4.4
Conjurations   | 1 2 3 |  3.6
Hexes          | 1 2 3 |  3.6
Summonings     | 1 2 3 |  3.6
Necromancy     | 1 2 3 |  3.6
Translocations | 1 2 3 |  3.6
Transmutations | 1 2 3 |  3.6
Fire Magic     | 1 2 3 |  3.6
Ice Magic      | 1 2 3 |  3.6
Air Magic      | 1 2 3 |  3.6
Earth Magic    | 1 2 3 |  3.6
Poison Magic   | 1 2 3 |  3.6
Axes           | 5 6 |  6.4
Armour         | 5 6 |  6.4
Dodging        | 3 4 5 |  5.2
Invocations    | 5 6 |  6.8
Fighting       | 7 8 |  8.0

Action                   |  1- 3 |  4- 6 |  7- 9 || total
-------------------------+-------+-------+-------++-------
Melee: Hand axe          |    12 |   195 |   523 ||   730
       Bite              |     3 |    23 |    59 ||    85
       Punch             |       |       |     8 ||     8
Invok: Depart the Abyss  |       |     1 |       ||     1
Evoke: Wand              |       |       |     1 ||     1
  Use: Scroll            |     1 |     7 |     5 ||    13
       Potion            |       |       |     4 ||     4
 Stab: Sleeping          |       |     4 |       ||     4
Armor: Leather armour    |       |    36 |       ||    36
       Scale mail        |       |    35 |   274 ||   309
Dodge: Dodged            |       |   119 |   334 ||   453

Table legend: (Time is in decaauts)
 A = Elapsed time spent in this place.
 B = Non-inter-level travel time spent in this place.
 C = Inter-level travel time spent in this place.
 D = Time resting spent in this place.
 E = Time spent auto-exploring this place.
 F = Levels seen in this place.
 G = Mean time per level.
                   A        B        C        D        E       F      G
               +--------+--------+--------+--------+--------+-----+--------+
         Total |   7401 |   7168 |    233 |    943 |   4619 |   8 |  925.1 |
       Dungeon |   7211 |   6978 |    233 |    943 |   4514 |   7 | 1030.1 |
         Abyss |    189 |    189 |      0 |      0 |    105 |   1 |  189.0 |
               +--------+--------+--------+--------+--------+-----+--------+

Top non-repeatable levels by time:
     D:6: 1872 daAuts
     D:5: 1448 daAuts
     D:4: 1100 daAuts
     D:2: 981 daAuts
     D:1: 773 daAuts
     D:3: 748 daAuts
     D:7: 286 daAuts
 Abyss:1: 189 daAuts
